 Dungeon Crawl Stone Soup version 0.24-a0-446-g87df7205b4 (webtiles) character file.

Game seed: 4027279790597288312

25 ivs the Sneak (level 3, -3/16 HPs)
             Began as a Vine Stalker Enchanter on June 24, 2019.
             Slain by an adder (4 damage)
             ... on level 2 of the Dungeon.
             The game lasted 00:05:45 (445 turns).

ivs the Sneak (Vine Stalker Enchanter)               Turns: 445, Time: 00:05:46

Health: -3/16      AC:  2    Str: 10    XL:     3   Next: 4%
Magic:  0/7        EV: 12    Int: 16    God:
Gold:   46         SH:  0    Dex: 14    Spells: 0/6 levels left

rFire    . . .     SeeInvis .   a - +1 dagger
rCold    . . .     Gourm    .   (no shield)
rNeg     . . .     Faith    .   b - +0 robe
rPois    .         Spirit   +   (no helmet)
rElec    .         Reflect  .   (no cloak)
rCorr    .         Harm     .   (no gloves)
MR       .....                  (no boots)
Stlth    ++........             (no amulet)
HPRegen  0.05/turn              (no ring)
MPRegen  0.10/turn              (no ring)

@: no status effects
A: fangs 2, magic shield, antimagic bite, no potion heal 3, rot immunity
a: no special abilities


You were on level 2 of the Dungeon.
You were not hungry.

You visited 1 branch of the dungeon, and saw 2 of its levels.

You collected 46 gold pieces.

Inventory:

Hand Weapons
 a - a +1 dagger (weapon)
Missiles
 c - 13 poisoned darts (quivered)
Armour
 b - a +0 robe (worn)
Jewellery
 J - an uncursed amulet of faith
Scrolls
 e - 2 scrolls of remove curse {unknown}
 g - a scroll of identify {unknown}
 h - a scroll of teleportation {unknown}
Comestibles
 d - a ration


   Skills:
 - Level 1.7 Short Blades
 - Level 1.5 Dodging
 - Level 3.6 Stealth
 - Level 2.1 Spellcasting
 - Level 3.0 Hexes
 + Level 1.8 Ice Magic


You couldn't memorise any spells.
You knew the following spells:

 Your Spells              Type           Power        Failure   Level  Hunger
a - Corona                Hex            ##.....      6%          1    #......
h - Ensorcelled Hibernat  Hex/Ice        #.....       12%         2    ###....
t - Tukima's Dance        Hex            ##......     19%         3    ###....

Your spell library contained the following spells:

 Spells                   Type           Power        Failure   Level  Hunger
 Confuse                  Hex            ##......     19%         3    ###....
 Dazzling Spray           Conj/Hex       #.....       32%         3    ###....


Dungeon Overview and Level Annotations

Branches:
Dungeon (2/15)

Altars:


Innate Abilities, Weirdness & Mutations

You have extremely sharp teeth.
When hurt, damage is shared between your health and your magic reserves.
Your bite disrupts and absorbs the magic of your enemies.
Potions cannot restore your health.
You are immune to rotting.


Message History

You feel invigorated.
The adder is severely wounded.
The adder bites you.
* * * LOW HITPOINT WARNING * * *
You barely miss the adder. Your bite misses the adder.
The adder is severely wounded.
The adder bites you but does no damage. The goblin completely misses you.
You barely miss the adder.
The adder is severely wounded.
The adder barely misses you. The goblin barely misses you.
You hit the adder but do no damage. Your bite misses the adder.
The adder is severely wounded.
The adder misses you. The goblin hits you.
* * * LOW HITPOINT WARNING * * *
The adder bites you.
* * * LOW HITPOINT WARNING * * *
You hit the adder.
The adder is almost dead.
The adder bites you.
You die...

........# ........#
#..#.#####
#....#...##
.#.........##
#.?..........#
#............#
............g.#######
#.##........S@......#
$...#...#...#.......#
.#.................#
..................#
.###..............#
#.###..#.......# ..
##.........# #.
#.........#
....##.........#


You could see an adder and a goblin.

Vanquished Creatures
  An ooze (D:1)
  6 bats
  A giant cockroach (D:2)
  3 goblins
  3 hobgoblins
  A frilled lizard (D:2)
  A kobold (D:1)
  4 rats
20 creatures vanquished.

Notes
Turn   | Place    | Note
-------+----------+-------------------------------------------
     0 | D:1      | ivs the Vine Stalker Enchanter began the quest for the Orb.
     0 | D:1      | Reached XP level 1. HP: 9/9 MP: 4/4
    28 | D:1      | Reached skill level 1 in Short Blades
   140 | D:1      | Reached XP level 2. HP: 8/13 MP: 4/6
   144 | D:1      | Learned a level 2 spell: Ensorcelled Hibernation
   233 | D:1      | Reached skill level 1 in Ice Magic
   398 | D:2      | Reached XP level 3. HP: 16/16 MP: 1/7
   403 | D:2      | Learned a level 3 spell: Tukima's Dance
   445 | D:2      | Slain by an adder

Levels and vault maps discovered:
D:1:      giann_forest_graveyard, layout_rooms, kennysheep_pointless_box,
          serial_bayou_pond_d, minmay_cupped
D:2:      layout_rooms

Skill      XL: |  1  2 |
---------------+-------+-----
Short Blades   | 1 |  1.7
Ice Magic      | 1 |  1.8
Dodging        | |  1.5
Stealth        | |  3.6
Spellcasting   | |  2.1
Hexes          | |  3.0

Action                   || total
-------------------------++-------
Melee: Dagger            ||    44
       Bite              ||     5
 Cast: Corona            ||     9
       Ensorcelled Hiber ||     7
  Use: Potion            ||     1
 Stab: Sleeping          ||    11
Armor: Robe              ||     7
Dodge: Dodged            ||    24

Table legend:
 A = Non-vault XP
 B = Vault XP
 C = Vault XP percentage of total XP
 D = Non-vault monster count
 E = Vault monster count
 F = Vault count percentage of total count
                 A         B        C        D         E       F
            +---------+---------+-------+---------+---------+-------
      Total |      29 |       7 |  19.4 |      19 |       1 |   5.0
            +---------+---------+-------+---------+---------+-------
        D:1 |      15 |       7 |  31.8 |       9 |       1 |  10.0
        D:2 |      14 |       0 |   0.0 |      10 |       0 |   0.0
            +---------+---------+-------+---------+---------+-------
